 Dungeon Crawl Stone Soup version 0.21.1-1-g345015fe64 (webtiles) character file.

9243 Oravi the Martial Artist (level 11, -9/73 HPs)
             Began as a Merfolk Transmuter on Apr 10, 2018.
             Was an Elder of Qazlal.
             Mangled by a two-headed ogre
             ... wielding a +0 giant spiked club
              (28 damage)
             ... on level 11 of the Dungeon.
             The game lasted 01:00:01 (13103 turns).

Oravi the Martial Artist (Merfolk Transmuter)      Turns: 13103, Time: 01:00:02

Health: -9/73      AC:  2    Str: 16    XL:     11   Next: 43%
Magic:  11/14      EV: 31    Int: 15    God:    Qazlal [****..]
Gold:   895        SH:  8    Dex: 20    Spells: 4/14 levels left

rFire    . . .     SeeInvis .     - Unarmed
rCold    . . .     Gourm    .   (shield currently unavailable)
rNeg     . . .     Faith    .   (armour currently unavailable)
rPois    x         Spirit   .   (helmet currently unavailable)
rElec    .         Reflect  +   (cloak currently unavailable)
rCorr    .         Harm     .   (gloves currently unavailable)
MR       .....                  (boots currently unavailable)
Stlth    +.........             x - +3 amulet of reflection
HPRegen  0.22/turn              u - +5 ring of strength
MPRegen  0.14/turn              y - +1 ring of evasion

@: spider-form, berserk cooldown, slowed, repel missiles, very slow
A: tiny, (change form in water), (swift swim), (stealthy swim), blink, sense
surroundings 1, MP-powered wands
a: End Transformation, Blink, Upheaval, Elemental Force, Renounce Religion


You were on level 11 of the Dungeon.
You worshipped Qazlal.
Qazlal was greatly pleased with you.
You were hungry.
You were a venomous arachnid creature.
You visited 2 branches of the dungeon, and saw 13 of its levels.

You collected 895 gold pieces.

Inventory:

Missiles
 a - 245 arrows
Armour
 b - a +0 robe (melded)
Magical Staves
 G - an uncursed staff of poison (melded)
Jewellery
 i - an uncursed ring of protection from cold
 u - a +5 ring of strength (left front leg)
 w - an uncursed ring of see invisible
 x - a +3 amulet of reflection (around neck)
 y - a +1 ring of evasion (right front leg)
 I - an uncursed amulet of rage
 J - an uncursed ring of positive energy
Wands
 g - a wand of iceblast (14)
 p - a wand of digging (57)
 v - a wand of enslavement (6)
 B - a wand of random effects (69)
 C - a wand of disintegration (26)
 L - a wand of paralysis (11)
Scrolls
 h - 8 scrolls of remove curse
 j - 3 scrolls of fear
 s - a scroll of fog
 t - a scroll of teleportation
 E - 2 scrolls of identify
 F - 3 scrolls of enchant weapon
 K - a scroll of brand weapon {unknown}
 M - a scroll of summoning {unknown}
Potions
 e - a potion of cancellation
 f - 3 potions of resistance
 k - 5 potions of lignification
 l - 4 potions of curing
 m - 2 potions of invisibility
 n - a potion of brilliance
 o - 4 potions of agility
 q - 2 potions of berserk rage
 z - 2 potions of mutation
 A - 4 potions of might
 D - a potion of degeneration {unknown}
 H - 4 potions of ambrosia
Books
 c - a book of Changes

   Spells                             Type                      Level
   a - Beastly Appendage              Transmutation                1
   b - Sticks to Snakes               Transmutation                2
   c - Spider Form                    Transmutation/Poison         3
   d - Ice Form                       Ice/Transmutation            4
   e - Blade Hands                    Transmutation                5
Comestibles
 d - 20 rations
 r - 15 chunks of flesh


   Skills:
 + Level 2.5 Fighting
 * Level 9.7 Dodging
 - Level 12.2 Unarmed Combat
 + Level 2.2 Spellcasting
 * Level 11.1 Transmutations
 * Level 1.3 Ice Magic
 * Level 8.3 Poison Magic


You had 4 spell levels left.
You knew the following spells:

 Your Spells              Type           Power        Failure   Level  Hunger
a - Beastly Appendage     Tmut           #####.       2%          1    #......
b - Sticks to Snakes      Tmut           #####...     2%          2    ###....
c - Spider Form           Tmut/Pois      ####......   5%          3    ###....
d - Ice Form              Ice/Tmut       ###.....     36%         4    #####..


Dungeon Overview and Level Annotations

Branches:
Dungeon (12/15)            Temple (1/1) D:4            Lair (0/6) D:10
    Orc: D:9-12

Altars:
Ashenzari
Cheibriados
Dithmenos
Elyvilon
Fedhas
Gozag
Hepliaklqana
Kikubaaqudgha
Makhleb
Nemelex Xobeh
Okawaru
Qazlal
Ru
Sif Muna
Trog
Uskayaw
Vehumet
Wu Jian
Xom
Yredelemnul
Zin
The Shining One

Shops:
D:5 *   D:8 [

Annotations:
D:3 khargal's ghost, amateur FoAK


Innate Abilities, Weirdness & Mutations

((You revert to your normal form in water.))
((You are very nimble and swift while swimming.))
((You are very stealthy in the water. (Stealth+)))
((You are partially covered in molten scales. (AC +2)))
You can translocate small distances at will.
You passively map a small area around you.
You expend magic power (3 MP) to strengthen your wands.


Message History

Your +0 robe unmelds from your body.
You block the two-headed ogre's attack.
The two-headed ogre completely misses you.
There is a stone staircase leading up here.
The two-headed ogre hits you with a giant spiked club!
* * * LOW HITPOINT WARNING * * *
You block the two-headed ogre's attack.
You climb upwards.
There is a stone staircase leading down here.
Casting: Spider Form
Confirm with . or Enter, or press ? or * to list all spells.
You feel a surge of power!
You turn into a venomous arachnid creature.
Your uncursed staff of poison melds into your body.
Your +0 robe melds into your body.
You are feeling hungry.
The two-headed ogre is engulfed in blazing flames.
The two-headed ogre completely misses you.
The two-headed ogre hits you with a giant spiked club!!
You die...

....#.....#....#'##..######....##
....#.....#.......#..# #....#.
....'.....#.......#..# #....#.
....#.....+...#####..# #....#.
....#.....#...#......######....#.
....#.....#####................#'
....#..........§..§..............
....#....#####'#.§...............
....#....#.....#s.§..[).....#####
#...#....+.....#.O..[[[.....#....
#####....#.....#....###.....#....
.........#.....#....# #.....'....
###......#..####....# #.....#....
#......####^......# #.....#....
#..............#### #.....#'''#
#..............# ###........
#..............# #........


You could see a two-headed ogre.

Vanquished Creatures
  3 two-headed ogres
  Psyche (D:9)
  A komodo dragon (D:10)
  A troll (D:10)
  2 hornets (D:11)
  5 yaks (D:12)
  Sigmund (D:2)
  2 hungry ghosts
  2 vampire mosquitoes (D:12)
  An acid dragon (D:11)
  5 orc warriors
  4 sky beasts
  5 ice beasts
  6 ogres
  A black bear (D:6)
  A necrophage (D:8)
  2 centaurs
  Blork the orc (D:6)
  A big kobold (D:5)
  4 bullfrogs
  A wyvern zombie (D:9)
  A scorpion (D:8)
  A wyvern skeleton (D:8)
  9 killer bees
  3 wights (D:11)
  3 crimson imps
  2 centaur zombies (D:7)
  2 quasits
  2 centaur skeletons
  7 orc priests
  2 bullfrog skeletons
  6 worker ants
  An iguana (D:8)
  11 orc wizards
  3 hound skeletons
  A worker ant zombie (D:6)
  4 gnolls (D:3)
  9 adders
  A howler monkey skeleton (D:4)
  9 river rats (D:6)
  An ooze (D:6)
  3 adder skeletons
  6 worms
  5 dart slugs
  4 leopard geckos
  47 orcs
  A ball python (D:4)
  7 giant cockroaches
  9 goblins
  13 hobgoblins
  11 quokkas
  10 bats
  5 frilled lizards
  A jackal skeleton (D:6)
  13 kobolds
  A leopard gecko zombie (D:5)
  A quokka zombie (D:8)
  31 rats
296 creatures vanquished.

Vanquished Creatures (others)
  18 plants (D:10)
18 creatures vanquished.

Grand Total: 314 creatures vanquished

Notes
Turn   | Place    | Note
-------+----------+-------------------------------------------
     0 | D:1      | Oravi the Merfolk Transmuter began the quest for the Orb.
     0 | D:1      | Reached XP level 1. HP: 15/15 MP: 3/3
   170 | D:1      | Reached XP level 2. HP: 21/21 MP: 3/5
   394 | D:1      | Reached skill level 4 in Unarmed Combat
   475 | D:1      | Reached XP level 3. HP: 26/26 MP: 4/6
   479 | D:1      | Learned a level 2 spell: Sticks to Snakes
   483 | D:1      | Learned a level 3 spell: Spider Form
   991 | D:2      | Noticed Sigmund
  1346 | D:2      | Noticed a moth of wrath
  1349 | D:2      | Found a bloodstained altar of Trog.
  1850 | D:2      | Reached XP level 4. HP: 27/32 MP: 5/7
  2223 | D:2      | Killed Sigmund
  2223 | D:2      | Reached skill level 5 in Unarmed Combat
  2223 | D:2      | Reached skill level 5 in Transmutations
  2223 | D:2      | Reached skill level 1 in Poison Magic
  2223 | D:2      | Reached XP level 5. HP: 37/37 MP: 5/8
  2550 | D:3      | Reached XP level 6. HP: 39/43 MP: 7/9
  3002 | D:3      | Noticed khargal's ghost (amateur FoAK)
  3612 | D:3      | Found a sacrificial altar of Ru.
  3626 | D:3      | Found a faded altar of an unknown god.
  4026 | D:4      | Gained mutation: You expend magic power (3 MP) to strengthen your wands. [potion of mutation]
  4026 | D:4      | Gained mutation: You can translocate small distances at will. [potion of mutation]
  4026 | D:4      | Gained mutation: You are partially covered in molten scales. (AC +2) [potion of mutation]
  4026 | D:4      | Gained mutation: You passively map a small area around you. [potion of mutation]
  4283 | D:4      | Found a staircase to the Ecumenical Temple.
  4289 | Temple   | Entered the Ecumenical Temple
  4295 | Temple   | Became a worshipper of Qazlal Stormbringer
  4853 | D:5      | Entered Level 5 of the Dungeon
  4957 | D:5      | Reached XP level 7. HP: 46/49 MP: 6/10
  4962 | D:5      | Found a radiant altar of Vehumet.
  4966 | D:5      | Reached skill level 6 in Unarmed Combat
  5392 | D:5      | Found Veunacio's Elemental Accessories.
  5781 | D:6      | Reached * piety under Qazlal
  5793 | D:6      | Reached XP level 8. HP: 48/56 MP: 7/11
  5966 | D:6      | Reached skill level 7 in Unarmed Combat
  6101 | D:6      | Reached ** piety under Qazlal
  6383 | D:6      | Found a sparkling altar of Nemelex Xobeh.
  6474 | D:6      | Reached skill level 5 in Dodging
  6474 | D:6      | Reached skill level 8 in Unarmed Combat
  6968 | D:6      | Noticed Blork the orc
  6976 | D:6      | Killed Blork the orc
  7181 | D:6      | Found a deep blue altar of Sif Muna.
  7324 | D:6      | Reached skill level 5 in Poison Magic
  7327 | D:6      | Reached XP level 9. HP: 51/61 MP: 8/12
  8202 | D:8      | Noticed a two-headed ogre
  8359 | D:8      | Killed a two-headed ogre
  8359 | D:8      | Reached skill level 9 in Unarmed Combat
  8764 | D:8      | Found Povvy's Armour Emporium.
  8907 | D:8      | Reached *** piety under Qazlal
  8907 | D:8      | Reached XP level 10. HP: 67/68 MP: 10/13
  8942 | D:8      | Found a snail-covered altar of Cheibriados.
  8987 | D:8      | Reached skill level 10 in Unarmed Combat
  9652 | D:9      | Noticed Psyche
  9677 | D:9      | Killed Psyche
  9944 | D:9      | Noticed a two-headed ogre
  9956 | D:9      | Killed a two-headed ogre
 10278 | D:9      | Noticed a two-headed ogre
 10289 | D:9      | Killed a two-headed ogre
 10289 | D:9      | Reached skill level 11 in Unarmed Combat
 10289 | D:9      | Reached skill level 10 in Transmutations
 10582 | D:10     | Entered Level 10 of the Dungeon
 11353 | D:10     | Reached XP level 11. HP: 60/73 MP: 14/14
 11394 | D:10     | Found a staircase to the Lair.
 11889 | D:11     | Reached skill level 12 in Unarmed Combat
 11954 | D:11     | Reached **** piety under Qazlal
 12447 | D:11     | Paralysed by a hornet for 1 turns
 12991 | D:11     | Learned a level 4 spell: Ice Form
 13064 | D:12     | Reached skill level 1 in Ice Magic
 13085 | D:12     | Noticed a two-headed ogre
 13103 | D:11     | Mangled by a two-headed ogre

Skill      XL: |  1  2  3  4  5  6  7  8  9 10 11 |
---------------+----------------------------------+-----
Dodging        | 3 4 5 7 8 9 |  9.7
Transmutations | 3 5 6 7 9 10 11 | 11.1
Unarmed Combat | 4 5 6 8 9 11 12 | 12.2
Poison Magic   | 1 2 3 5 6 7 8 |  8.3
Fighting       | 2 |  2.5
Ice Magic      | 1 |  1.3
Spellcasting   | |  2.2

Action                   |  1- 3 |  4- 6 |  7- 9 | 10-12 || total
-------------------------+-------+-------+-------+-------++-------
Melee: Unarmed           |   116 |   177 |   365 |   271 ||   929
       Headbutt          |    11 |    14 |       |       ||    25
       Punch             |     4 |       |       |       ||     4
       Tailslap          |       |     1 |       |       ||     1
       Staff             |       |       |       |     1 ||     1
 Cast: Beastly Appendage |    19 |    15 |     4 |       ||    38
       Spider Form       |     4 |    17 |    42 |    26 ||    89
       Sticks to Snakes  |       |     2 |       |       ||     2
  Use: Scroll            |       |     7 |    10 |    10 ||    27
       Potion            |       |     1 |     3 |     3 ||     7
 Stab: Sleeping          |     1 |     1 |       |       ||     2
  Eat: Chunk             |     4 |    14 |    15 |    17 ||    50
       Ration            |       |       |     1 |       ||     1
Armor: Robe              |    21 |    11 |     4 |     2 ||    38
       Skin              |       |     5 |     9 |     2 ||    16
Dodge: Dodged            |    58 |   122 |   245 |   174 ||   599
Block: Other             |       |       |    60 |    69 ||   129
       Reflection        |       |       |     3 |     1 ||     4
